 Dungeon Crawl Stone Soup version 0.23.2-1-ga50397a (webtiles) character file.

Game seed: 14624792798975713631

29 Madoushi the Chopper (level 3, 0/49 HPs)
             Began as a Minotaur Berserker on Apr 19, 2019.
             Was a Follower of Trog.
             Slain by an adder (2 damage)
             ... on level 2 of the Dungeon.
             The game lasted 00:02:28 (1117 turns).

Madoushi the Chopper (Minotaur Berserker)           Turns: 1117, Time: 00:02:29

Health: 0/49       AC:  2    Str: 27    XL:     3   Next: 1%
Magic:  2/2        EV: 12    Int:  4    God:    Trog [*.....]
Gold:   153        SH:  0    Dex:  9    Spells: 2/2 levels left

rFire    . . .     SeeInvis .   a - +0 hand axe
rCold    . . .     Gourm    .   (no shield)
rNeg     . . .     Faith    +   b - +0 animal skin
rPois    .         Spirit   .   (helmet restricted)
rElec    .         Reflect  .   (no cloak)
rCorr    .         Harm     .   (no gloves)
MR       .....                  (no boots)
Stlth    ..........             e - amulet of faith
HPRegen  0.16/turn              (no ring)
MPRegen  0.08/turn              (no ring)

@: berserking, lethally poisoned (0 -> -8), very quick
A: retaliatory headbutt, horns 2
a: Berserk, Renounce Religion


You were on level 2 of the Dungeon.
You worshipped Trog.
Trog was aware of your devotion.
You were near starving.

You visited 1 branch of the dungeon, and saw 2 of its levels.

You collected 153 gold pieces.

Inventory:

Hand Weapons
 a - a +0 hand axe (weapon)
Armour
 b - a +0 animal skin (worn)
Jewellery
 e - an amulet of faith (around neck)
Scrolls
 d - a scroll of fear {unknown}
 f - a scroll of teleportation {unknown}
 g - 2 scrolls of random uselessness {unknown}
 i - 4 scrolls of identify
 j - a scroll of magic mapping {unknown}
 k - 2 scrolls of noise {unknown}
 m - 2 scrolls of amnesia {unknown}
 o - a scroll of fog {unknown}
 q - a scroll of immolation {unknown}
Potions
 h - a potion of might {unknown}
 l - 4 potions of heal wounds {unknown}
 n - a potion of curing {unknown}
 p - a potion of haste {unknown}
 r - a potion of brilliance {unknown}
Comestibles
 c - 2 rations


   Skills:
 + Level 4.1 Fighting
 * Level 4.3 Axes
 + Level 2.7 Armour
 + Level 2.4 Dodging


You had 2 spell levels left.
You didn't know any spells.
Your spell library was empty.

Dungeon Overview and Level Annotations

Branches:
Dungeon (2/15)

Altars:


Innate Abilities, Weirdness & Mutations

You reflexively headbutt those who attack you in melee.
You have a pair of horns on your head.


Message History

You miss the quokka. The adder bites you.
You are poisoned.
The adder poisons you! The quokka bites you.
* * * LOW HITPOINT WARNING * * *
You closely miss the adder.
The adder is almost dead.
You completely miss the quokka.
You feel sick. The adder bites you.
* * * LOW HITPOINT WARNING * * *
You are more poisoned.
The adder poisons you!
The quokka bites you but does no damage.
The adder bites you.
* * * LOW HITPOINT WARNING * * *
The quokka barely misses you.
A red film seems to cover your vision as you go berserk!
You feel yourself moving faster!
You feel mighty!
You are near starving!
* * * LOW HITPOINT WARNING * * *
You feel sick. The adder bites you.
You die...

.....#
#.#######............#....
.....###.#
###....(.......# ..
.....'...#
#........).....# ..
.....#####
#..............# ## .....#
#..............# .....#
###..............# .....#
#................# ..####
#................# ###
#..wr@....########
#...S###### .......
....... ....... .......
....... .......


You could see an adder, a dart slug and a quokka.

Vanquished Creatures
  An adder (D:2)
  A giant cockroach (D:2)
  3 goblins
  A hobgoblin (D:2)
  A ball python (D:1)
  5 bats (D:1)
  3 frilled lizards
  3 kobolds
  5 rats
23 creatures vanquished.

Notes
Turn   | Place    | Note
-------+----------+-------------------------------------------
     0 | D:1      | Madoushi the Minotaur Berserker began the quest for the
                  | Orb.
     0 | D:1      | Reached XP level 1. HP: 19/19 MP: 0/0
   453 | D:1      | Reached XP level 2. HP: 27/27 MP: 1/1
  1103 | D:2      | Reached XP level 3. HP: 19/33 MP: 2/2
  1117 | D:2      | HP: 2/49 [poisoned by an adder]
  1117 | D:2      | Slain by an adder

Skill      XL: |  1  2 |
---------------+-------+-----
Axes           | 4 |  4.3
Fighting       | 4 |  4.1
Armour         | |  2.7
Dodging        | |  2.4

Action                   || total
-------------------------++-------
Melee: Hand axe          ||    53
       Headbutt          ||     6
Invok: Berserk           ||     1
  Use: Scroll            ||     1
Armor: Animal skin       ||    12
Dodge: Dodged            ||    29
